 Seeded DCSS version 0.29.1-15-g9cfb28693d (webtiles) character file.

Game seed: 15408620648546173129 (custom seed)

12384 Psyclone the Nimble (level 11, 68/68 HPs)
             Began as a Deep Elf Conjurer on Sept 24, 2023.
             Was an Initiate of Ashenzari.
             Quit the game on level 10 of the Dungeon.
             The game lasted 00:35:42 (13315 turns).

Psyclone the Nimble (Deep Elf Conjurer)            Turns: 13315, Time: 00:35:42

Health: 68/68      AC: 15    Str:  4    XL:     11   Next: 61%
Magic:  28/28      EV: 17    Int: 28    God:    Ashenzari [......]
Gold:   931        SH:  0    Dex: 13    Spells: 21/32 levels left

rFire   . . .      SeeInvis .   d - +1 dagger
rCold   . . .      Faith    .   (no shield)
rNeg    . . .      Spirit   .   A - +0 steam dragon scales
rPois   .          Reflect  .   (no helmet)
rElec   +          Harm     .   v - +2 cloak
rCorr   .          Rampage  .   l - +2 pair of gloves
Will    +....      Archmagi +   (no boots)
Stlth   ++........              m - amulet of magic regeneration
HPRegen 0.21/turn               o - ring of the Mage {Wiz Archmagi, Bglg, Alch} (curse)
MPRegen 0.61/turn               y - +4 ring of protection

@: no status effects
A: deterioration 1, electricity resistance
a: Renounce Religion, Curse Item, Shatter the Chains


You were on level 10 of the Dungeon.
You worshipped Ashenzari.
Ashenzari was noncommittal.
You visited 2 branches of the dungeon, and saw 11 of its levels.

You collected 931 gold pieces.

Inventory:

Hand Weapons
 d - a +1 dagger (weapon)
Missiles
 E - a curare-tipped dart
 G - a throwing net {!f}
Armour
 a - a +1 robe
 l - a +2 pair of gloves (worn)
 v - a +2 cloak (worn)
 A - +0 steam dragon scales (worn)
Jewellery
 m - an amulet of magic regeneration (around neck)
 o - the cursed ring of the Mage (left hand) {Wiz Archmagi, Bglg, Alch}
   (You found it on level 4 of the Dungeon)

   [ring of wizardry]

   It improves your spell success rate.
   Archmagi:  It increases the power of your magical spells.
   It has a curse which improves the following skills: Beguiling: Conjurations,
   Hexes and Translocations.
   Alchemy:   Poison Magic and Transmutations.
 q - a ring of flight
 s - a ring of protection from fire
 y - a +4 ring of protection (right hand)
 z - a ring of flight
Wands
 c - a wand of digging (3)
 e - a wand of charming (10)
 B - a wand of flame (8)
Scrolls
 f - 4 scrolls of poison
 g - a scroll of magic mapping
 n - 2 scrolls of teleportation
 p - 2 scrolls of amnesia
 r - 2 scrolls of enchant armour
 t - 2 scrolls of torment
 u - 4 scrolls of immolation
 w - 2 scrolls of brand weapon
 x - 2 scrolls of blinking
 C - a scroll of fear
 D - 2 scrolls of fog
 F - a scroll of identify {@r1}
Potions
 b - a potion of resistance
 h - 8 potions of curing
 i - a potion of lignification
 j - 3 potions of heal wounds
 k - a potion of might


   Skills:
 + Level 7.7 Fighting
 + Level 11.3 Dodging
 - Level 2.4 Stealth
 - Level 11.0 Spellcasting
 - Level 10.0(10.4) Conjurations
 - Level 7.7(8.2) Poison Magic


You had 21 spell levels left.
You knew the following spells:

 Your Spells              Type           Power      Damage    Failure   Level
a - Magic Dart            Conj           100%       1d8       1%          1
b - Searing Ray           Conj           100%       2d8       1%          2
d - Fulminant Prism       Conj/Hex       30%        3d16      1%          4
x - Olgreb's Toxic Radia  Pois           75%        N/A       1%          4

Your spell library contained the following spells:

 Spells                   Type           Power      Damage    Failure   Level
 Necrotise                Necr           92%        1d8       1%          1
 Shock                    Conj/Air       100%       1d9       1%          1
 Slow                     Hex            92%        N/A       1%          1
 Dazzling Flash           Conj/Hex       100%       N/A       1%          3
 Iskenderun's Mystic Bla  Conj/Tloc      61%        2d13      1%          4
 Confusing Touch          Hex            23%        N/A       4%          3
 Frozen Ramparts          Ice            46%        1d7       4%          3
 Vampiric Draining        Necr           23%        2d7       4%          3
 Ice Form                 Ice/Tmut       23%        N/A       14%         4
 Summon Ice Beast         Ice/Summ       23%        N/A       14%         4
 Agony                    Necr           23%        N/A       36%         5
 Ozocubu's Refrigeration  Ice            11%        4d10      100%        7
 Ignition                 Fire           11%        3d5       100%        8


Dungeon Overview and Level Annotations

Branches:
Dungeon (10/15) Zot: 26612  Temple (1/1) D:4 Zot: 5488     Orc (0/2) D:9
   Lair: D:8-11

Altars:
Ashenzari
Cheibriados
Dithmenos
Elyvilon
Fedhas
Gozag
Hepliaklqana
Kikubaaqudgha
Makhleb
Nemelex Xobeh
Okawaru
Qazlal
Ru
Sif Muna
Uskayaw
Vehumet
Wu Jian
Xom
Yredelemnul
Zin
The Shining One

Shops:
D:7 *

Portals:
Abyss: D:9

Annotations:
D:5 Seidenschwarz's ghost, novice DECj
D:9 2 transporters, Wulfey's ghost, journeyman DjFE


Innate Abilities, Weirdness & Mutations

Your body sometimes deteriorates upon taking damage.
You are resistant to electric shocks. (rElec)


Message History

You conjure a prism of explosive energy!
A fulminant prism comes into view.
The howler monkey completely misses you.
You now have 24/28 mp.
The howler monkey hits you.
Your fulminant prism crackles loudly.
The howler monkey hits you but does no damage.
You take 1 damage, and have 67/68 hp.
The howler monkey hits you but does no damage.
Your fulminant prism explodes!
The blast of energy engulfs the howler monkey!
You kill the howler monkey!
You hear a bellow! x2
You see here a howler monkey corpse.
Health restored: 68
f - 4 scrolls of poison (gained 1) MP restored: 28
G - a bubbling pink potion It was a potion of attraction.
You feel attractive to monsters.
You now have 911 gold pieces (gained 12).
There is an open door here.
You feel less attractive to monsters.
You now have 917 gold pieces (gained 6).
r - 2 scrolls of enchant armour (gained 1)
You open the door.
There is an open door here.
You open the door.
There is an open door here.
p - 2 scrolls of amnesia (gained 1)
You now have 931 gold pieces (gained 14).
Found 4 boomerangs.
G - a throwing net {!f} You see here 4 boomerangs.
Found a leather armour.
H - an emerald potion It was a potion of mutation.
You feel extremely strange.
You feel yourself wasting away.
You feel insulated.
Unknown command.
Are you sure you want to abandon this character and quit the game? (Confirm with "yes".)

####. . .... .
.... #. #..#
.##.####..# ....#
..........+ .....#
..........#......#
#.@..##.....#
#....##....#
#......[...##
#...........#
#...........#
#...........#
#...........#
#....##.....#
##########.....#


There were no monsters in sight!

Vanquished Creatures
  2 two-headed ogres (D:9)
  2 centaur warriors (D:8)
  Grinder (D:3)
  2 hornets
  2 trolls (D:9)
  Prince Ribbit (D:7)
  A shadow (D:10)
  A vampire (D:8)
  18 yaks
  2 wyverns
  3 steam dragons
  Menkaure (D:7)
  3 black bears
  An ice beast (D:7)
  4 orc warriors
  A sky beast (D:8)
  An ogre (D:7)
  3 centaurs
  4 phantoms
  2 kobold brigands
  4 bullfrogs
  2 gnoll sergeants (D:6)
  3 scorpions
  4 necrophages
  16 wights
  5 killer bees (D:5)
  10 howler monkeys
  3 hounds
  3 quasits (D:8)
  2 jellies
  3 gnoll boudas (D:7)
  4 orc priests
  5 iguanas
  16 orc wizards
  14 gnolls
  7 adders
  A shadow imp (D:8)
  3 white imps
  8 ufetubi
  6 dart slugs
  37 orcs
  9 endoplasms
  2 giant cockroaches
  8 goblins
  4 hobgoblins
  3 quokkas
  10 ball pythons
  7 bats
  6 frilled lizards
  16 kobolds
  11 rats
287 creatures vanquished.

Vanquished Creatures (others)
  6 demonic plants (D:8)
  37 fulminant prisms
  A fungus (D:3)
44 creatures vanquished.

Grand Total: 331 creatures vanquished

Notes
Turn   | Place    | Note
-------+----------+-------------------------------------------
     0 | D:1      | Psyclone the Deep Elf Conjurer began the quest for the Orb.
     0 | D:1      | Reached XP level 1. HP: 10/10 MP: 6/6
     2 | D:1      | Noticed a human
     4 | D:1      | Noticed a draconian
     6 | D:1      | Noticed a tengu
     6 | D:1      | Noticed a gargoyle
     9 | D:1      | Noticed a vine stalker
     9 | D:1      | Noticed a minotaur
    11 | D:1      | Noticed a troll
    11 | D:1      | Noticed a vampire
    13 | D:1      | Noticed an ogre
    13 | D:1      | Noticed an octopode
    15 | D:1      | Noticed a ghoul
    15 | D:1      | Noticed a demigod
    17 | D:1      | Noticed a formicid
    17 | D:1      | Noticed a spriggan
    19 | D:1      | Noticed a palentonga
    19 | D:1      | Noticed a felid
    21 | D:1      | Noticed a naga
    21 | D:1      | Noticed a demonspawn
    23 | D:1      | Noticed a meteoran
    23 | D:1      | Noticed a merfolk
    25 | D:1      | Noticed a palentonga
    27 | D:1      | Noticed a meteoran
    27 | D:1      | Noticed a vine stalker
    97 | D:1      | Reached XP level 2. HP: 15/15 MP: 0/8
   675 | D:1      | Reached skill level 5 in Conjurations
   675 | D:1      | Reached XP level 3. HP: 19/19 MP: 6/10
   678 | D:1      | Learned a level 2 spell: Searing Ray
  1564 | D:2      | Reached XP level 4. HP: 20/24 MP: 7/12
  1623 | D:2      | Found a hazy altar of Hepliaklqana.
  1941 | D:2      | Reached skill level 5 in Spellcasting
  2515 | D:3      | Found a faded altar of an unknown god.
  2528 | D:3      | Got Plato's Collected Works on the Birds
  2702 | D:3      | Noticed Grinder
  2708 | D:3      | Killed Grinder
  2709 | D:3      | Reached XP level 5. HP: 19/28 MP: 5/16
  2709 | D:3      | Reached XP level 6. HP: 22/32 MP: 5/17
  4029 | D:4      | Found a staircase to the Ecumenical Temple.
  4046 | D:4      | Reached XP level 7. HP: 36/36 MP: 14/20
  4051 | Temple   | Entered the Ecumenical Temple
  4606 | Temple   | Became a worshipper of Ashenzari the Shackled
  4706 | D:4      | Found the ring of the Mage {Wiz Archmagi}
  5109 | D:4      | Learned a level 4 spell: Fulminant Prism
  5714 | D:5      | Entered Level 5 of the Dungeon
  6890 | D:5      | Reached XP level 8. HP: 41/41 MP: 18/23
  6973 | D:5      | Found a transporter.
  6973 | D:5      | Found a transporter.
  6974 | D:5      | Noticed Seidenschwarz's ghost (novice DECj)
  6976 | D:5      | Noticed a hornet
  7245 | D:5      | Reached skill level 10 in Spellcasting
  7245 | D:5      | Killed a hornet
  7256 | D:5      | HP: 1/41 [killer bee (7)]
  7723 | D:6      | Reached skill level 10 in Conjurations
  7765 | D:6      | Learned a level 4 spell: Olgreb's Toxic Radiance
  7786 | D:6      | Reached skill level 1 in Poison Magic
  7974 | D:6      | Reached XP level 9. HP: 32/45 MP: 19/26
  8700 | D:6      | Reached skill level 5 in Poison Magic
  9001 | D:7      | Found Ureisus's Island Escapes.
  9343 | D:7      | Reached skill level 1 in Fighting
  9363 | D:7      | Noticed Menkaure
  9366 | D:7      | Killed Menkaure
  9489 | D:7      | Reached XP level 10. HP: 54/54 MP: 23/27
  9584 | D:7      | Reached skill level 5 in Dodging
  9782 | D:7      | Noticed Prince Ribbit
  9791 | D:7      | Killed Prince Ribbit
  9868 | D:8      | Noticed a centaur warrior
  9871 | D:8      | Noticed a centaur warrior
  9872 | D:8      | Killed a centaur warrior
 10149 | D:8      | Killed a centaur warrior
 10151 | D:8      | Reached skill level 5 in Fighting
 11071 | D:8      | Reached XP level 11. HP: 64/64 MP: 26/28
 11393 | D:9      | Noticed a two-headed ogre
 11402 | D:9      | Killed a two-headed ogre
 11403 | D:9      | Reached skill level 10 in Dodging
 11446 | D:9      | Paralysed by a hornet for 2 turns
 11710 | D:9      | Found a one-way gate to the infinite horrors of the Abyss.
 11710 | D:9      | Noticed Wulfey's ghost (journeyman DjFE)
 11711 | D:9      | Noticed a great orb of eyes
 11719 | D:9      | Noticed a hell hog
 11744 | D:9      | Found a transporter.
 11763 | D:9      | Found a transporter.
 11774 | D:9      | Found a staircase to the Orcish Mines.
 12032 | D:9      | Identified the +1 leather armour of the Original Sin {rF+
                  | Dex+4 SInv}
 12078 | D:9      | Noticed a two-headed ogre
 12100 | D:9      | Killed a two-headed ogre
 12631 | D:9      | Found an ancient bone altar of Kikubaaqudgha.
 12927 | D:10     | Entered Level 10 of the Dungeon
 13314 | D:10     | Gained mutation: Your body sometimes deteriorates upon
                  | taking damage. [potion of mutation]
 13314 | D:10     | Gained mutation: You are resistant to electric shocks.
                  | (rElec) [potion of mutation]
 13315 | D:10     | Quit the game

Illustrated notes

Levels and vault maps discovered:
D:1:      kb_arrival_jail, layout_loops_ring, minmay_split_cup_small
D:2:      layout_rooms, basic_altar, serial_curves, eino_curves_03,
          eino_curves_03
D:3:      layout_basic, shapermc_ecumenical_altar_rom_forum, patterned_corridor,
          uniq_grinder
D:4:      layout_layer_cave, minmay_temple_entry_mist, kennysheep_another_room,
          st_stairs_6
D:5:      layout_basic, gammafunk_ghost_hive
D:6:      layout_cave_pods
D:7:      minmay_polygon_palace, layout_rooms, nicolae_island_escapes,
          uniq_menkaure, uniq_prince_ribbit1
D:8:      layout_loops_ring, serial_demonic, serial_demonic_g, serial_demonic_c,
          serial_demonic_b, serial_demonic_a, hangedman_minor_gate_pass
D:9:      layout_stronghold, lemuel_coloured_pillars_altar, orc_0_dummy,
          gammafunk_ghost_abyssal_escape, chequers_jeans
D:10:     layout_gridville, overflow_temple_1_default, lair_entry_dummy,
          uniq_josephine
Temple:   mainiacjoe_temple_big_plus

Skill      XL: |  1  2  3  4  5  6  7  8  9 10 11 |
---------------+----------------------------------+-----
Spellcasting   | 4 6 7 9 11 | 11.0
Conjurations   | 5 6 7 8 10 | 10.0
Poison Magic   | 2 7 |  7.7
Fighting       | 2 6 7 |  7.7
Dodging        | 4 9 11 | 11.3
Stealth        | |  2.4

Action                   |  1- 3 |  4- 6 |  7- 9 | 10-12 || total
-------------------------+-------+-------+-------+-------++-------
Melee: Dagger            |       |     4 |     4 |     2 ||    10
 Cast: Magic Dart        |    77 |    61 |    89 |    32 ||   259
       Searing Ray       |       |    11 |    61 |    62 ||   134
       Fulminant Prism   |       |       |    14 |    23 ||    37
       Olgreb's Toxic Ra |       |       |     2 |       ||     2
Invok: Curse Item        |       |       |     1 |       ||     1
  Use: Scroll            |     2 |     2 |     6 |     3 ||    13
       Potion            |       |     8 |     5 |     2 ||    15
 Stab: Sleeping          |       |       |     1 |       ||     1
Armor: Robe              |     5 |     6 |    34 |       ||    45
       Steam dragon scal |       |       |     3 |    69 ||    72
Dodge: Dodged            |     7 |     6 |    71 |   149 ||   233
